 Dungeon Crawl Stone Soup version 0.24-a0-284-g9fb9971df1 (webtiles) character file.

Game seed: 17224346783485872883

46 HAL9000 the Sneak (level 3, -1/18 HPs)
             Began as a Vine Stalker Assassin on May 4, 2019.
             Slain by Crazy Yiuf
             ... wielding a +4 quarterstaff of chaos
              (5 damage)
             ... on level 2 of the Dungeon.
             The game lasted 00:01:38 (1571 turns).

HAL9000 the Sneak (Vine Stalker Assassin)           Turns: 1571, Time: 00:01:39

Health: -1/18      AC:  3    Str: 14    XL:     3   Next: 66%
Magic:  0/4        EV: 11    Int: 11    God:
Gold:   68         SH:  0    Dex: 15    Spells: 2/2 levels left

rFire    . . .     SeeInvis .   n - +0 dagger (venom)
rCold    . . .     Gourm    .   (no shield)
rNeg     . . .     Faith    .   h - +0 robe (curse)
rPois    .         Spirit   +   (no helmet)
rElec    .         Reflect  .   d - +0 cloak
rCorr    .         Harm     .   (no gloves)
MR       .....                  (no boots)
Stlth    +++.......             (no amulet)
HPRegen  0.06/turn              (no ring)
MPRegen  0.09/turn              (no ring)

@: no status effects
A: fangs 2, magic shield, antimagic bite, no potion heal 3, rot immunity
a: no special abilities


You were on level 2 of the Dungeon.
You were near starving.

You visited 1 branch of the dungeon, and saw 2 of its levels.

You collected 68 gold pieces.

Inventory:

Hand Weapons
 a - a +2 dagger
 b - a +0 blowgun
 n - a +0 dagger of venom (weapon)
Missiles
 e - 6 poisoned needles
 f - a curare-tipped needle
Armour
 c - a +0 robe
 d - a +0 cloak (worn)
 h - a cursed +0 robe (worn)
Scrolls
 k - a scroll of remove curse {unknown}
 l - a scroll of magic mapping {unknown}
 m - 2 scrolls of teleportation {unknown}
 o - a scroll of identify {unknown}
 p - a scroll of enchant weapon {unknown}
Potions
 i - a potion of haste {unknown}
 j - a potion of brilliance {unknown}
Comestibles
 g - 4 rations


   Skills:
 - Level 1.7 Fighting
 + Level 2.2 Short Blades
 - Level 1.7 Throwing
 - Level 0.7 Dodging
 + Level 6.2 Stealth


You had 2 spell levels left.
You didn't know any spells.
Your spell library was empty.

Dungeon Overview and Level Annotations

Branches:
Dungeon (2/15)

Altars:

Annotations:
D:2 Crazy Yiuf


Innate Abilities, Weirdness & Mutations

You have extremely sharp teeth.
When hurt, damage is shared between your health and your magic reserves.
Your bite disrupts and absorbs the magic of your enemies.
Potions cannot restore your health.
You are immune to rotting.


Message History

Quivering
e - 8 poisoned needles for blowguns.
Firing (i - inventory. (/) - cycle)
e - 8 poisoned needles (quivered)
Press: ? - help, Shift-Dir - straight line, f/p - Crazy Yiuf
Aim: Crazy Yiuf, wielding a +4 quarterstaff of chaos and wearing a +0 cloak (almost dead, slow, poisoned)
You shoot a poisoned needle.
The poisoned needle closely misses Crazy Yiuf.
Firing (i - inventory. (/) - cycle)
e - 7 poisoned needles (quivered)
Press: ? - help, Shift-Dir - straight line, f/p - Crazy Yiuf
Aim: Crazy Yiuf, wielding a +4 quarterstaff of chaos and wearing a +0 cloak (almost dead, slow, poisoned)
You shoot a poisoned needle.
The poisoned needle closely misses Crazy Yiuf.
Wield which item (- for none, * to show all)? (? for menu, Esc to quit)
Your +0 dagger of venom begins to drip with poison!
n - a +0 dagger of venom (weapon)
Unknown command.
You closely miss Crazy Yiuf.
Crazy Yiuf is almost dead.
Crazy Yiuf screams, "Adder light hand!"
Crazy Yiuf hits you with a +4 quarterstaff of chaos!
You die...

#.......# #.#
#.###.#.###.## #.#
#.#.##...##
#.###.###.#.#.....#
#.........#........
#####.#########.###
#.>..# #.# #.#### ### #@#
#g####♣♣♣♣♣
#.##....♣.♣♣♣#####
#.#......♣)g♣#..)#
.#######.....(.♣♣♣♣.'.).#
..............♣♣ ♣♣#)))#
.######....##♣♣ #####
#.((.# #...##


You could see Crazy Yiuf.

Vanquished Creatures
  An adder (D:2)
  A dart slug (D:1)
  3 goblins (D:1)
  5 hobgoblins (D:1)
  4 jackals (D:1)
  5 kobolds
  5 bats (D:1)
  2 frilled lizards (D:1)
  8 rats (D:1)
34 creatures vanquished.

Notes
Turn   | Place    | Note
-------+----------+-------------------------------------------
     0 | D:1      | HAL9000 the Vine Stalker Assassin began the quest for the
                  | Orb.
     0 | D:1      | Reached XP level 1. HP: 11/11 MP: 2/2
    56 | D:1      | Reached skill level 5 in Stealth
    88 | D:1      | Reached XP level 2. HP: 4/15 MP: 3/3
   883 | D:1      | Reached XP level 3. HP: 18/18 MP: 4/4
   909 | D:1      | Reached skill level 6 in Stealth
  1540 | D:2      | Found a runed translucent door.
  1541 | D:2      | Noticed Crazy Yiuf
  1571 | D:2      | Slain by Crazy Yiuf

Levels and vault maps discovered:
D:1:      evilmike_arrival_sounds_zot, layout_basic
D:2:      layout_loops_corners, uniq_jessica, uniq_crazy_yiuf_cottage

Skill      XL: |  1  2  3 |
---------------+----------+-----
Stealth        | 5 6 |  6.2
Short Blades   | 2 |  2.2
Fighting       | |  1.7
Throwing       | |  1.7
Dodging        | |  0.7

Action                   || total
-------------------------++-------
Melee: Dagger            ||    87
       Bite              ||    18
 Fire: Blowgun           ||     3
 Stab: Sleeping          ||    11
Armor: Robe              ||    18
Dodge: Dodged            ||    41

Table legend:
 A = Non-vault XP
 B = Vault XP
 C = Vault XP percentage of total XP
 D = Non-vault monster count
 E = Vault monster count
 F = Vault count percentage of total count
                 A         B        C        D         E       F
            +---------+---------+-------+---------+---------+-------
      Total |      66 |       0 |   0.0 |      34 |       0 |   0.0
            +---------+---------+-------+---------+---------+-------
        D:1 |      51 |       0 |   0.0 |      32 |       0 |   0.0
        D:2 |      15 |       0 |   0.0 |       2 |       0 |   0.0
            +---------+---------+-------+---------+---------+-------
